 Dungeon Crawl Stone Soup version 0.26-a0-812-g31a745ddcd (webtiles) character file.

Game seed: 1762799114200522437

38925 MalarOregon the Destroyer (level 13, 0/115 HPs)
             Began as a Red Draconian Conjurer on Nov 28, 2020.
             Was the Champion of Elyvilon.
             Slain by a komodo dragon (13 damage)
             ... on level 5 of the Lair of Beasts on Nov 29, 2020.
             The game lasted 01:01:15 (29165 turns).

MalarOregon the Destroyer (Red Draconian Conjurer) Turns: 29165, Time: 01:01:16

Health: 0/115      AC: 14    Str: 11    XL:     13   Next: 66%
Magic:  3/26       EV: 16    Int: 29    God:    Elyvilon [******]
Gold:   834        SH:  0    Dex:  9    Spells: 18/30 levels left

rFire    + . .     SeeInvis .   T - +2 dagger (venom)
rCold    . . .     Faith    .   (no shield)
rNeg     . . .     Spirit   .   (armour unavailable)
rPois    +         Reflect  .   B - +2 hat
rElec    .         Harm     .   p - +0 cloak
rCorr    .         Rampage  .   s - +0 pair of gloves (curse)
MR       .....                  G - +1 pair of boots
Stlth    ++........             (no amulet)
HPRegen  0.29/turn              o - +6 ring of intelligence
MPRegen  0.20/turn              M - ring of poison resistance

@: no status effects
A: breathe fire, unfitting armour, fire resistance 1, cold-blooded, AC +8
a: Breathe Fire, Lesser Healing, Heal Other, Purification, Greater Healing,
Divine Vigour, Divine Protection, Renounce Religion


You were on level 5 of the Lair of Beasts.
You worshipped Elyvilon.
Elyvilon was exalted by your worship.
You visited 3 branches of the dungeon, and saw 18 of its levels.
You also visited: Sewer.

You collected 1216 gold pieces.
You spent 382 gold pieces at shops.

Inventory:

Hand Weapons
 H - a +4 scimitar
   (You took it off a wight on level 6 of the Dungeon)
 T - a +2 dagger of venom (weapon)
   (You took it off Nergalle on level 4 of the Lair of Beasts)
Missiles
 g - 59 poisoned darts (quivered)
 A - 6 throwing nets {!f}
 K - 10 curare-tipped darts {!f}
Armour
 p - a +0 cloak (worn)
   (You found it on level 5 of the Dungeon)
 s - a cursed +0 pair of gloves (worn)
   (You found it on level 8 of the Dungeon)
 B - a +2 hat (worn)
   (You found it on level 9 of the Dungeon)
 F - a scarf of invisibility
   (You found it on level 10 of the Dungeon)
 G - a +1 pair of boots (worn)
   (You found it on level 10 of the Dungeon)
Jewellery
 m - an uncursed ring of resist corrosion
   (You found it on level 3 of the Dungeon)
 o - a +6 ring of intelligence (left hand)
   (You found it on level 4 of the Dungeon)
 y - an uncursed ring of flight {unknown}
   (You found it on level 4 of the Lair of Beasts)
 z - an uncursed ring of see invisible
   (You found it on level 3 of the Lair of Beasts)
 M - a ring of poison resistance (right hand)
   (You found it on level 1 of the Lair of Beasts)
 O - an uncursed ring of ice
   (You took it off Fannar on level 2 of the Lair of Beasts)
 P - an uncursed ring of fire
   (You found it on level 2 of the Lair of Beasts)
 S - a +4 ring of evasion
   (You found it on level 8 of the Dungeon)
Wands
 c - a wand of disintegration (18)
   (You took it off an orc priest on level 7 of the Dungeon)
 d - a wand of iceblast (20)
   (You found it on level 6 of the Dungeon)
 t - a wand of flame (37)
   (You found it on level 10 of the Dungeon)
 u - a wand of paralysis (8)
   (You found it on level 7 of the Dungeon)
 v - a wand of digging (5)
   (You found it in a sewer)
 x - a wand of acid (22)
   (You found it on level 6 of the Dungeon)
 C - a wand of enslavement (27)
   (You found it on level 9 of the Dungeon)
 L - a wand of polymorph (2)
   (You found it on level 1 of the Lair of Beasts)
Scrolls
 b - 10 scrolls of teleportation {@r4}
 e - 5 scrolls of immolation {!r}
 k - 15 scrolls of remove curse {@r2}
 D - 4 scrolls of magic mapping
 E - 3 scrolls of enchant weapon
 I - a scroll of fog
 J - 2 scrolls of identify {@r1}
 V - a scroll of enchant armour
Potions
 a - 3 potions of mutation {!q}
 h - 2 potions of heal wounds {@q2}
 j - 4 potions of curing {@q1}
 l - 3 potions of magic
 n - 2 potions of haste {@q3}
 q - a potion of resistance {unknown}
 r - 5 potions of flight
 w - 2 potions of attraction {!q}
 N - a potion of brilliance
 Q - 2 potions of lignification {!q}
 R - a potion of might {unknown}
 U - 2 potions of ambrosia
Miscellaneous
 f - a phial of floods
   (You found it in a sewer)
 i - a lightning rod (4/4) {!a}
   (You bought it in a shop on level 6 of the Dungeon)


   Skills:
 + Level 10.8 Fighting
 + Level 9.4 Dodging
 - Level 1.7 Stealth
 + Level 9.4 Spellcasting
 * Level 14.0 Conjurations
 + Level 7.0 Invocations
 + Level 6.5 Evocations


You had 18 spell levels left.
You knew the following spells:

 Your Spells              Type           Power        Failure   Level
a - Magic Dart            Conj           ####         0%          1
d - Tukima's Dance        Hex            ##......     12%         3
x - Iskenderun's Mystic   Conj/Tloc      ######..     2%          4
z - Fulminant Prism       Conj/Hex       ######....   2%          4

Your spell library contained the following spells:

 Spells                   Type           Power        Failure   Level
 Searing Ray              Conj           ######       1%          2
 Dazzling Flash           Conj/Hex       ######       1%          3
 Hailstorm                Conj/Ice       ######..     2%          4
 Corona                   Hex            ##.....      4%          1
 Freeze                   Ice            ##..         4%          1
 Summon Small Mammal      Summ           ##..         4%          1
 Call Imp                 Summ           ##......     6%          2
 Ensorcelled Hibernation  Hex/Ice        ##....       6%          2
 Call Canine Familiar     Summ           ##......     12%         3
 Confusing Touch          Hex            ##......     12%         3
 Frozen Ramparts          Ice            ##....       12%         3
 Gell's Gravitas          Tloc           ##........   12%         3
 Ozocubu's Armour         Ice            ##......     12%         3
 Summon Guardian Golem    Hex/Summ       ##......     12%         3
 Petrify                  Tmut/Erth      ##......     36%         4
 Summon Ice Beast         Ice/Summ       ##......     36%         4
 Summon Lightning Spire   Summ/Air       ##......     36%         4
 Metabolic Englaciation   Hex/Ice        ##........   73%         5
 Yara's Violent Unravell  Hex/Tmut       ##........   73%         5


Dungeon Overview and Level Annotations

Branches:
Dungeon (11/15)            Temple (1/1) D:5            Lair (6/6) D:11
  Swamp (0/4) Lair:2       Spider (0/4) Lair:4          Orc (0/2) D:9
  Sewer (visited)
  Slime: Lair:5-6

Altars:
Ashenzari
Cheibriados
Dithmenos
Elyvilon
Fedhas
Gozag
Hepliaklqana
Kikubaaqudgha
Makhleb
Nemelex Xobeh
Okawaru
Qazlal
Ru
Sif Muna
Trog
Uskayaw
Vehumet
Wu Jian
Xom
Yredelemnul
Zin
The Shining One

Shops:
D:6 }:?[

Annotations:
D:5 Grinder
Lair:1 3 runed translucent doors, bmj180's ghost, journeyman DrVM


Innate Abilities, Weirdness & Mutations

You can breathe blasts of fire.
Your fiery red scales are hard. (AC +8)
You cannot fit into any form of body armour.
Your flesh is heat resistant. (rF+)
You are cold-blooded and may be slowed by cold attacks.


Message History

The blink frog blinks!
The cane toad croaks.
You climb upwards.
There is a stone staircase leading down, spattered with blood here.
Unknown command.
Unknown command.
You erupt in a blast of force!
The mystic blast hits the cane toad.
The cane toad is knocked back by the mystic blast.
The mystic blast hits the cane toad!
The cane toad is knocked back by the mystic blast.
The cane toad slams into the rock wall!
The mystic blast hits the komodo dragon!!
The komodo dragon is knocked back by the mystic blast.
The mystic blast hits the blink frog!
The blink frog is knocked back by the mystic blast.
The mystic blast misses the cane toad.
The mystic blast hits the bullfrog!
The bullfrog is knocked back by the mystic blast.
The bullfrog slams into the rock wall!
The cane toad misses you.
You erupt in a blast of force!
The mystic blast hits the bullfrog!
You kill the bullfrog!
The mystic blast hits the cane toad!
The cane toad is knocked back by the mystic blast.
The mystic blast hits the cane toad!!
The cane toad is knocked back by the mystic blast.
The mystic blast hits the cane toad!
The cane toad is knocked back by the mystic blast.
The cane toad slams into the rock wall!
The cane toad barely misses you.
You erupt in a blast of force!
The mystic blast hits the cane toad.
The cane toad is knocked back by the mystic blast.
The cane toad slams into the rock wall!
You kill the cane toad!
The mystic blast hits the komodo dragon!
The komodo dragon is knocked back by the mystic blast.
The mystic blast hits the blink frog!
The blink frog is knocked back by the mystic blast.
The mystic blast hits the cane toad but does no damage.
The cane toad misses you.
You erupt in a blast of force!
The mystic blast hits the cane toad!
The cane toad is knocked back by the mystic blast.
The mystic blast misses the blink frog.
The mystic blast hits the cane toad!!
You kill the cane toad!
The blink frog misses you.
You erupt in a blast of force!
The mystic blast misses the komodo dragon.
The mystic blast hits the blink frog!
The blink frog is knocked back by the mystic blast.
You erupt in a blast of force!
The mystic blast misses the komodo dragon.
The komodo dragon bites you!
You die...

### ##.# ####..## ######
##...<..# ####.#..#####
#......##
##.P.#.F.†...###........
##.....†.......##......+.
#P......@..F>....+.....#.
#P......l†....##.......#[
#P........†...####.....#.
#...........### ##......#
#....P.....### #......##
###.P###.....## ##......#
#....##..+#..## ####..##
###.............####....#
#.#...........+..PP.[...##


You could see a komodo dragon, a cane toad and a blink frog.

Vanquished Creatures
  Snorg (D:10)
  Fannar (Lair:2)
  A boulder beetle (Lair:4)
  4 hydras
  Harold (D:9)
  The ghost of qborf the Reanimator, a novice DDNe of Makhleb (D:7)
  6 death yaks (Lair:4)
  Urug (D:10)
  Nergalle (Lair:4)
  2 unseen horrors (D:10)
  A lindwurm (Lair:4)
  An ugly thing (D:11)
  2 cyclopes (D:11)
  3 black mambas
  A centaur zombie (D:11)
  13 cane toads
  2 rime drakes (Lair:1)
  7 komodo dragons
  2 polar bears
  4 trolls (D:11)
  10 blink frogs
  A hornet (D:11)
  3 redbacks (Lair:4)
  Sigmund (D:6)
  2 shadows (D:9)
  5 wyverns
  A wraith (D:10)
  3 basilisks
  25 yaks
  A vampire mosquito (Lair:5)
  2 wargs (D:11)
  18 water moccasins
  4 sky beasts
  3 ice beasts
  5 orc warriors
  An eye of draining (D:10)
  4 phantoms
  4 black bears
  6 wolves
  3 ogres
  9 centaurs
  Blork the orc (D:6)
  A big kobold (D:11)
  13 bullfrogs
  A gnoll sergeant (D:9)
  2 scorpions
  2 troll zombies (D:9)
  3 wights (D:6)
  A howler monkey (D:6)
  A quasit (D:10)
  5 bullfrog skeletons
  7 hounds
  2 jellies
  A centaur skeleton (D:5)
  2 gnoll shamans
  5 orc priests
  7 orc wizards
  8 iguanas
  Natasha (thrice) (D:2)
  5 hell rats
  5 worker ants
  6 ogre zombies (D:9)
  2 hound skeletons
  A worker ant zombie (D:9)
  20 gnolls
  16 adders
  5 shadow imps
  2 white imps (D:7)
  An ufetubus (D:8)
  An ooze (D:1)
  4 adder skeletons
  An adder zombie (D:9)
  6 worms
  6 dart slugs
  5 leopard geckos
  24 orcs
  3 ball pythons
  6 giant cockroaches
  11 goblins
  10 hobgoblins
  17 jackals
  4 quokkas
  A ball python skeleton (D:4)
  4 bats
  5 frilled lizards
  2 goblin skeletons (D:9)
  3 goblin zombies (D:9)
  A hobgoblin skeleton (D:9)
  3 hobgoblin zombies (D:9)
  A jackal skeleton (D:7)
  13 kobolds
  2 orc skeletons (D:9)
  12 orc zombies (D:9)
  15 rats
  A fulminant prism (Lair:3)
455 creatures vanquished.

Vanquished Creatures (collateral kills)
  An ogre (D:8)
  An orc priest (D:9)
  A gnoll (D:4)
  A leopard gecko (D:9)
  2 orcs (D:9)
6 creatures vanquished.

Vanquished Creatures (others)
  8 dancing weapons
  An ufetubus (D:8)
  35 fulminant prisms
  27 fungi
  76 plants
147 creatures vanquished.

Grand Total: 608 creatures vanquished

Notes
Turn   | Place    | Note
-------+----------+-------------------------------------------
     0 | D:1      | MalarOregon the Draconian Conjurer began the quest for the
                  | Orb.
     0 | D:1      | Reached XP level 1. HP: 14/14 MP: 3/3
   194 | D:1      | Reached XP level 2. HP: 18/22 MP: 0/5
   454 | D:1      | Reached skill level 1 in Fighting
   802 | D:1      | Reached XP level 3. HP: 28/28 MP: 4/6
  1320 | D:2      | Noticed Natasha
  1584 | D:2      | Killed Natasha
  1584 | D:2      | Reached XP level 4. HP: 36/36 MP: 0/7
  1865 | D:2      | Noticed Natasha
  1875 | D:2      | Killed Natasha
  2040 | D:2      | Reached skill level 5 in Conjurations
  2462 | D:2      | Reached XP level 5. HP: 40/41 MP: 2/9
  2841 | D:2      | Noticed Natasha
  2845 | D:2      | Killed Natasha
  4225 | D:3      | Noticed a centaur
  4244 | D:3      | Killed a centaur
  4244 | D:3      | Reached XP level 6. HP: 11/50 MP: 10/10
  5460 | D:4      | Learned a level 3 spell: Tukima's Dance
  5465 | D:4      | Learned a level 4 spell: Fulminant Prism
  5482 | D:4      | Reached skill level 6 in Conjurations
  6279 | D:4      | Your scales start taking on a fiery red colour.
  6279 | D:4      | Reached XP level 7. HP: 52/57 MP: 5/12
  6279 | D:4      | Gained mutation: Your flesh is heat resistant. (rF+) [Red
                  | Draconian growth]
  7347 | D:5      | Entered Level 5 of the Dungeon
  7457 | D:5      | Found a staircase to the Ecumenical Temple.
  7468 | Temple   | Entered the Ecumenical Temple
  7640 | Temple   | Became a worshipper of Elyvilon the Healer
  8164 | D:5      | Noticed Grinder
  8522 | D:5      | Reached * piety under Elyvilon
  8733 | D:6      | Found a glowing drain.
  8734 | D:6      | Found Serenini's Book Emporium.
  8734 | D:6      | Found Nimeses's Gadget Emporium.
  8734 | D:6      | Found a shimmering blue altar of Sif Muna.
  8734 | D:6      | Found a bloodstained altar of Trog.
  8734 | D:6      | Found a sacrificial altar of Ru.
  8735 | D:6      | Noticed Sigmund
  8764 | D:6      | Killed Sigmund
  8764 | D:6      | Reached skill level 7 in Conjurations
  8875 | D:6      | Reached XP level 8. HP: 58/66 MP: 11/14
  8935 | D:6      | Found Kiugoamn's Magic Scroll Emporium.
  8937 | D:6      | Found Kouko's Antique Armour Emporium.
  8988 | D:6      | Noticed Blork the orc
  8996 | D:6      | Killed Blork the orc
  9006 | Sewer    | Entered a sewer
  9478 | D:6      | Bought a lightning rod (4/4) for 360 gold pieces
  9916 | D:6      | Reached ** piety under Elyvilon
 10201 | D:6      | Reached skill level 5 in Fighting
 10246 | D:6      | Reached skill level 8 in Conjurations
 10518 | D:6      | Bought a scroll of identify for 22 gold pieces
 11442 | D:7      | Found a large runed translucent door.
 11442 | D:7      | Found a large runed translucent door.
 11443 | D:7      | Noticed qborf's ghost (novice DDNe)
 11460 | D:7      | Killed qborf's ghost
 11460 | D:7      | Reached skill level 5 in Dodging
 11460 | D:7      | Reached skill level 5 in Spellcasting
 11460 | D:7      | Reached XP level 9. HP: 48/75 MP: 8/17
 11630 | D:7      | Reached skill level 9 in Conjurations
 11970 | D:8      | Reached *** piety under Elyvilon
 12539 | D:8      | Found a broken altar of Ashenzari.
 13141 | D:9      | Learned a level 4 spell: Iskenderun's Mystic Blast
 13516 | D:9      | Reached **** piety under Elyvilon
 13858 | D:9      | Found a staircase to the Orcish Mines.
 13859 | D:9      | Noticed Harold
 13902 | D:9      | Reached skill level 10 in Conjurations
 13902 | D:9      | Reached XP level 10. HP: 59/84 MP: 19/19
 13914 | D:9      | Killed Harold
 15887 | D:10     | Entered Level 10 of the Dungeon
 15928 | D:10     | Found a hide-covered altar of Uskayaw.
 15986 | D:10     | Reached skill level 11 in Conjurations
 16434 | D:10     | Noticed Urug
 16458 | D:10     | Elyvilon protects you from harm!
 16462 | D:10     | Killed Urug
 16770 | D:10     | Reached XP level 11. HP: 92/94 MP: 21/21
 17125 | D:10     | Noticed Snorg
 17135 | D:10     | Killed Snorg
 17135 | D:10     | Reached skill level 1 in Invocations
 17135 | D:10     | Reached skill level 1 in Evocations
 17457 | D:10     | Killed an unseen horror
 17674 | D:10     | Killed an unseen horror
 17979 | D:11     | Paralysed by a hornet for 2 turns
 18085 | D:11     | Reached skill level 12 in Conjurations
 18309 | D:11     | Found a staircase to the Lair.
 19188 | D:11     | Noticed a white ugly thing
 19193 | D:11     | Killed a white ugly thing
 19606 | Lair:1   | Entered Level 1 of the Lair of Beasts
 19673 | Lair:1   | Reached XP level 12. HP: 104/104 MP: 21/24
 20133 | Lair:1   | Noticed a four-headed hydra
 20169 | Lair:1   | Killed a four-headed hydra
 20810 | Lair:1   | Found a runed translucent gate.
 20810 | Lair:1   | Found a runed translucent gate.
 20810 | Lair:1   | Found a runed translucent gate.
 20813 | Lair:1   | Noticed bmj180's ghost (journeyman DrVM)
 20828 | Lair:1   | You fall into a shaft and drop 1 floor!
 21009 | Lair:2   | Reached ***** piety under Elyvilon
 21080 | Lair:2   | Noticed Fannar
 21098 | Lair:2   | Killed Fannar
 21509 | Lair:2   | Found a staircase to the Swamp.
 22541 | Lair:3   | Reached skill level 5 in Invocations
 22839 | Lair:3   | Reached skill level 13 in Conjurations
 23755 | Lair:4   | Found a hole to the Spider Nest.
 23923 | Lair:4   | Noticed Nergalle
 23933 | Lair:4   | Killed Nergalle
 23933 | Lair:4   | Reached skill level 10 in Fighting
 23933 | Lair:4   | Reached skill level 5 in Evocations
 24705 | Lair:4   | Noticed a boulder beetle
 24706 | Lair:4   | Noticed a four-headed hydra
 24720 | Lair:4   | Killed a four-headed hydra
 24727 | Lair:4   | HP: 3/106 [boulder beetle (27)]
 24745 | Lair:4   | Killed a boulder beetle
 25347 | Lair:4   | Reached XP level 13. HP: 113/113 MP: 8/25
 25625 | Lair:4   | Reached ****** piety under Elyvilon
 27236 | Lair:5   | Noticed Sonja
 27248 | Lair:5   | Noticed Sonja
 27248 | Lair:5   | Sonja changed into Sonja the black bear
 27254 | Lair:5   | Killed Sonja the black bear
 28252 | Lair:6   | Entered Level 6 of the Lair of Beasts
 29018 | Lair:5   | Reached skill level 14 in Conjurations
 29165 | Lair:5   | Slain by a komodo dragon

Illustrated notes

Levels and vault maps discovered:
D:1:      psy_arrival_conway, layout_basic, chequers_serial_rivers_room_b
D:2:      layout_rooms, chequers_serial_rivers_micro_c,
          minmay_increasing_density, uniq_natasha
D:3:      layout_loops_ring
D:4:      layout_basic, st_stairs_7
D:5:      layout_basic, minmay_temple_entry_waves, dk_noncrumbling_4,
          hangedman_decor_opposing, uniq_grinder
D:6:      layout_loops_ring, chequers_temple_overflow_statue_of_worship,
          gup_sewer_entry_glass, minmay_shop_grid_forest, uniq_blork_the_orc,
          uniq_sigmund
D:7:      layout_loops_ring, ebering_ghost_disaster_area
D:8:      layout_rooms, nicolae_ashenzari_panopticon, serial_bayou_pond_d
D:9:      layout_basic, zombieorc2_lemuel, minivault_1, uniq_harold
D:10:     layout_basic, basic_altar, minmay_fractal_squares_gapless_7,
          uniq_urug, uniq_snorg
D:11:     layout_roguey, erik_lair_orcish_takeover
Temple:   compressed_dpeg_circular_temple
Lair:1:   layout_hall_layers, ebering_ghost_rock_garden,
          chequers_serial_rivers_room_a, beast_lair_carwin_2, grunt_megastairs_2
Lair:2:   layout_hall_layers, swamp_mist_pool, serial_bayou_shore_b,
          lemuel_fruit_fields, uniq_fannar
Lair:3:   layout_gridlike, chequers_serial_rivers_large_a
Lair:4:   layout_cave_pods, spider_nest_entry_webs,
          hangedman_lair_generics_rect, uniq_nergalle
Lair:5:   layout_roguey, serial_bayou_pond_e, uniq_sonja, uniq_kirke
Lair:6:   minmay_lair_end_frog_pond, layout_regular_city,
          nicolae_slime_entry_slimehenge, minivault_27, disabler_island

Skill      XL: |  1  2  3  4  5  6  7  8  9 10 11 12 13 |
---------------+----------------------------------------+-----
Dodging        | 2 3 4 5 6 7 8 9 |  9.4
Fighting       | 1 2 3 4 5 6 8 9 10 | 10.8
Conjurations   | 5 6 7 8 10 11 12 13 14 | 14.0
Spellcasting   | 3 4 5 6 7 8 9 |  9.4
Invocations    | 3 5 7 |  7.0
Evocations     | 3 5 6 |  6.5
Stealth        | |  1.7

Action                   |  1- 3 |  4- 6 |  7- 9 | 10-12 | 13-15 || total
-------------------------+-------+-------+-------+-------+-------++-------
Melee: Unarmed           |     8 |       |       |       |       ||     8
       Tailslap          |     2 |    18 |    22 |    43 |    21 ||   106
       Dagger            |     5 |    76 |    45 |    20 |    99 ||   245
       Scimitar          |       |       |    49 |   388 |       ||   437
Throw: Dart              |    23 |     8 |       |     9 |       ||    40
 Cast: Magic Dart        |    72 |   172 |   431 |    94 |     7 ||   776
       Tukima's Dance    |       |     4 |     7 |    35 |       ||    46
       Iskenderun's Myst |       |       |     1 |    60 |    93 ||   154
       Fulminant Prism   |       |       |       |    36 |       ||    36
Invok: Greater Healing   |       |       |       |     5 |     1 ||     6
       Lesser Healing    |       |       |       |     1 |     1 ||     2
 Abil: Breathe Fire      |       |       |     9 |    36 |    12 ||    57
Evoke: Lightning rod     |       |       |       |     2 |       ||     2
       Wand              |       |       |       |     1 |     3 ||     4
  Use: Scroll            |       |     6 |     9 |    11 |     1 ||    27
       Potion            |       |     1 |       |       |       ||     1
 Stab: Sleeping          |       |     2 |       |       |       ||     2
       Distracted        |       |       |       |     1 |       ||     1
Armor: Skin              |     2 |    14 |    60 |   144 |    50 ||   270
Dodge: Dodged            |    12 |    66 |   194 |   541 |   152 ||   965
       Rpst.: Scimitar   |       |       |    32 |   124 |       ||   156

Table legend: (Time is in decaauts)
 A = Elapsed time spent in this place.
 B = Non-inter-level travel time spent in this place.
 C = Inter-level travel time spent in this place.
 D = Time resting spent in this place.
 E = Time spent auto-exploring this place.
 F = Levels seen in this place.
 G = Mean time per level.
                   A        B        C        D        E       F      G
               +--------+--------+--------+--------+--------+-----+--------+
         Total |  29408 |  28819 |    589 |   7620 |  17438 |  19 | 1547.8 |
       Dungeon |  19251 |  18890 |    361 |   3594 |  12680 |  11 | 1750.1 |
        Temple |    179 |    128 |     51 |      0 |     73 |   1 |  179.0 |
          Lair |   9562 |   9385 |    177 |   3853 |   4494 |   6 | 1593.7 |
         Sewer |    415 |    415 |      0 |    173 |    190 |   1 |  415.0 |
               +--------+--------+--------+--------+--------+-----+--------+

Top non-repeatable levels by time:
  Lair:4: 2864 daAuts
     D:9: 2493 daAuts
     D:2: 2444 daAuts
  Lair:5: 2186 daAuts
    D:10: 2094 daAuts
  Lair:3: 1881 daAuts
     D:3: 1869 daAuts
    D:11: 1764 daAuts
     D:8: 1688 daAuts
     D:4: 1682 daAuts
  Lair:1: 1649 daAuts
     D:6: 1418 daAuts
     D:1: 1382 daAuts
     D:7: 1215 daAuts
     D:5: 1198 daAuts
